 Dungeon Crawl Stone Soup version 0.19-b1-5-gdc9fa9d (webtiles) character file.

934 dorian the Cudgeler (level 8, 0/87 HPs)
             Began as an Ogre Hunter on Oct 31, 2016.
             Was an Initiate of Trog.
             Slain by a sky beast (2 damage)
             ... on level 4 of the Dungeon.
             The game lasted 00:08:07 (5077 turns).

dorian the Cudgeler (Ogre Hunter)                   Turns: 5077, Time: 00:08:07

Health: 0/87       AC:  3    Str: 20    XL:     8   Next: 11%
Magic:  8/8        EV: 10    Int: 10    God:    Trog [......]
Gold:   221        SH:  0    Dex: 10    Spells: 0 memorised, 7 levels left

rFire  . . .     SeeInvis .     y - +0 flail
rCold  . . .     Gourm    .     b - +0 robe
rNeg   . . .     Faith    .     (no shield)
rPois  .         Spirit   .     (helmet restricted)
rElec  .         Reflect  .     (no cloak)
rCorr  .         Harm     .     (gloves unavailable)
MR     .....                    (boots unavailable)
Stlth  +.........               (no amulet)
                                (no ring)
                                (no ring)

@: flying
A: unfitting armour, tough skin 1
a: Burn Spellbooks, Renounce Religion


You were on level 4 of the Dungeon.
You worshipped Trog.
Trog was noncommittal.
You were very hungry.

You visited 2 branches of the dungeon, and saw 5 of its levels.

You collected 221 gold pieces.

Inventory:

Hand Weapons
 a - a +0 short sword
 t - a +0 trident
 y - a +0 flail (weapon)
Missiles
 c - 115 stones
 d - 2 large rocks (quivered)
Armour
 b - a +0 robe (worn)
Jewellery
 u - an uncursed ring of stealth {unknown}
 z - an uncursed ring of poison resistance {unknown}
Wands
 w - a wand of polymorph (15/24)
Scrolls
 e - 6 scrolls of identify {unknown}
 g - a scroll of noise {unknown}
 h - 3 scrolls of remove curse {unknown}
 j - a scroll of amnesia {unknown}
 k - 2 scrolls of enchant armour {unknown}
 l - 2 scrolls of fear {unknown}
 m - a scroll of recharging {unknown}
 q - 2 scrolls of magic mapping {unknown}
 s - a scroll of teleportation {unknown}
 B - a scroll of enchant weapon {unknown}
Potions
 n - a potion of flight
 o - 3 potions of lignification {unknown}
 p - 3 potions of haste
 r - a potion of brilliance {unknown}
 v - a potion of cancellation {unknown}
 x - a potion of invisibility {unknown}
 A - a potion of ambrosia {unknown}
 C - a potion of degeneration {unknown}
Comestibles
 f - 6 bread rations
 i - 2 meat rations


   Skills:
 - Level 7.0 Fighting
 * Level 7.1 Maces & Flails
 + Level 6.4 Throwing
 - Level 1.7 Dodging
 - Level 0.6 Stealth


You had 7 spell levels left.
You didn't know any spells.

Dungeon Overview and Level Annotations

Branches:
Dungeon (4/15)             Temple (1/1) D:4

Altars:
Ashenzari
Cheibriados
Dithmenos
Elyvilon
Fedhas
Gozag
Hepliaklqana
Kikubaaqudgha
Makhleb
Nemelex Xobeh
Okawaru
Qazlal
Ru
Sif Muna
Trog
Uskayaw
Vehumet
Xom
Yredelemnul
The Shining One


Innate Abilities, Weirdness & Mutations

You are too large for most types of armour.
You have tough skin. (AC +1)


Message History

You throw a large rock. The kobold throws a stone.
Something hits you.
* * * LOW HITPOINT WARNING * * *
Something shocks you.
* * * LOW HITPOINT WARNING * * *
Something hits you.
* * * LOW HITPOINT WARNING * * *
Something shocks you.
* * * LOW HITPOINT WARNING * * *
Throwing (i - inventory. (,) - cycle):
d - 3 large rocks (quivered)
Press: ? - help, Shift-Dir - straight line, p - kobold You throw a large rock.
Something hits you but does no damage. Something hits you.
* * * LOW HITPOINT WARNING * * *
Something shocks you.
* * * LOW HITPOINT WARNING * * *
Unknown command.
It was a potion of flight.
You feel very buoyant.
You fly up into the air.
Something hits you.
You die...

≈≈≈≈≈≈≈≈≈≈≈......≈≈≈≈≈≈≈≈≈≈≈≈≈≈≈≈
≈≈≈≈≈≈≈≈≈≈≈.....≈≈≈≈≈≈≈≈≈≈≈≈≈≈≈≈≈
≈≈≈≈≈≈≈≈≈≈≈.....≈≈≈≈≈≈≈≈≈≈≈≈≈≈≈≈≈
≈.≈≈≈≈≈≈.≈.≈....≈≈≈≈..≈≈.≈≈.≈≈...
.................................
.................................
....))......####K..........##..##
..#####...#.# #{########.....##
#.# #.....####@# #..####
#.#####.###.....(# #..######
.÷......# #.###### #........
#.#####.###.# #.####### #.#
#....## #.# #.# #..### #.#
..#####..# #.####### .......#.##
#........ #####.###.## #########


You could see a kobold.

Vanquished Creatures
  Grinder (D:3)
  Sigmund (D:4)
  Blork the orc (D:4)
  A wyvern skeleton (D:3)
  A scorpion (D:4)
  7 orc wizards
  A bullfrog skeleton (D:4)
  Terence (D:2)
  7 adders
  2 oozes
  3 worms
  2 dart slugs (D:1)
  A leopard gecko (D:1)
  9 orcs
  A ball python (D:3)
  5 bats
  2 giant cockroaches
  6 goblins
  8 hobgoblins
  4 jackals (D:1)
  2 quokkas
  5 frilled lizards
  9 kobolds
  4 rats
84 creatures vanquished.

Notes
Turn   | Place    | Note
-------+----------+-------------------------------------------
     0 | D:1      | dorian the Ogre Hunter began the quest for the Orb.
     0 | D:1      | Reached XP level 1. HP: 22/22 MP: 1/1
   246 | D:1      | Reached XP level 2. HP: 22/31 MP: 2/2
   584 | D:1      | Reached XP level 3. HP: 24/37 MP: 3/3
  1118 | D:2      | Noticed Terence
  1127 | D:2      | Killed Terence
  1127 | D:2      | Reached skill level 5 in Throwing
  1127 | D:2      | Reached XP level 4. HP: 36/49 MP: 4/4
  1790 | D:3      | Found a shadowy altar of Dithmenos.
  1809 | D:3      | Found a stormy altar of Qazlal.
  2106 | D:3      | Noticed Grinder
  2107 | D:3      | Paralysed by Grinder for 3 turns
  2137 | D:3      | Killed Grinder
  2137 | D:3      | Reached skill level 5 in Fighting
  2137 | D:3      | Reached XP level 5. HP: 36/57 MP: 5/5
  2137 | D:3      | Reached XP level 6. HP: 42/66 MP: 6/6
  3092 | D:2      | Reached XP level 7. HP: 28/74 MP: 7/7
  3538 | D:3      | Reached skill level 5 in Maces & Flails
  4206 | D:4      | Found a staircase to the Ecumenical Temple.
  4213 | Temple   | Entered the Ecumenical Temple
  4323 | Temple   | Became a worshipper of Trog the Wrathful
  4558 | D:4      | Noticed Sigmund
  4560 | D:4      | Killed Sigmund
  4561 | D:4      | Noticed Blork the orc
  4565 | D:4      | Killed Blork the orc
  4565 | D:4      | Reached XP level 8. HP: 63/84 MP: 8/8
  4900 | D:4      | Found a hide-covered altar of Uskayaw.
  4904 | D:4      | Found a hazy altar of Hepliaklqana.
  5076 | D:4      | HP: 1/87 [something (6)]
  5077 | D:4      | Slain by a sky beast

Skill      XL: |  1  2  3  4  5  6  7  8 |
---------------+-------------------------+-----
Fighting       | 3 4 5 6 7 |  7.0
Throwing       | 5 6 |  6.4
Maces & Flails | 3 4 6 7 |  7.1
Dodging        | |  1.7
Stealth        | |  0.6

Action                   |  1- 3 |  4- 6 |  7- 9 || total
-------------------------+-------+-------+-------++-------
Melee: Short sword       |   100 |       |       ||   100
       Flail             |       |    91 |   110 ||   201
       Trident           |       |    16 |       ||    16
Throw: Large rock        |     5 |    10 |    17 ||    32
       Throwing net      |     1 |       |     4 ||     5
  Use: Potion            |       |       |     1 ||     1
 Stab: Sleeping          |       |     3 |       ||     3
       Distracted        |       |     1 |       ||     1
  Eat: Chunk             |     1 |     6 |     4 ||    11
       Beef jerky        |       |       |     1 ||     1
Armor: Robe              |    41 |    10 |    24 ||    75
Dodge: Dodged            |    52 |    48 |    49 ||   149
